 Dungeon Crawl Stone Soup version 0.30-a0-596-g0af90f9a20 (webtiles) character file.

Game seed: 15103032371226362320

15 flotson the Sneak (level 2, -2/24 HPs)
             Began as a Demonspawn Delver on Jan 6, 2023.
             Splashed by a jelly's acid (9 damage)
             ... on level 4 of the Dungeon.
             The game lasted 00:01:11 (367 turns).

flotson the Sneak (Demonspawn Delver)                Turns: 367, Time: 00:01:12

Health: -2/24      AC:  3    Str: 12    XL:     2   Next: 34%
Magic:  2/2        EV: 11    Int: 11    God:
Gold:   17         SH:  0    Dex: 14    Spells: 1/1 levels left

rFire   . . .      SeeInvis .    a - +0 hand axe
rCold   . . .      Faith    .    (no shield)
rNeg    . . .      Spirit   .    b - +0 leather armour
rPois   .          Reflect  .    (no helmet)
rElec   .          Harm     .    (no cloak)
rCorr   .          Rampage  .    (no gloves)
Will    .....                    (no boots)
Stlth   ++                       d - amulet of the acrobat
HPRegen 0.24/turn                (no ring)
MPRegen 0.16/turn                (no ring)

@: no status effects
A: magic regeneration
a: no special abilities


You were on level 4 of the Dungeon.
You visited 1 branch of the dungeon, and saw 2 of its levels.

You collected 17 gold pieces.

Inventory:

Hand Weapons
 a - a +0 hand axe (weapon)
Armour
 b - a +0 leather armour (worn)
Jewellery
 d - an amulet of the acrobat (around neck)
Wands
 g - a wand of digging (3)
Scrolls
 c - a scroll of fog
Potions
 h - a potion of heal wounds {unknown}


   Skills:
 - Level 3.0 Fighting
 - Level 1.7 Axes
 - Level 1.7 Dodging
 - Level 4.5 Stealth
 + Level 2.1 Evocations


You had one spell level left.
You didn't know any spells.
Your spell library contained the following spells:

 Spells                   Type           Power      Damage    Failure   Level
 Cigotuvi's Dreadful Rot  Necr/Pois/Air  0%         N/A       56%         2
 Poisonous Vapours        Pois/Air       0%         N/A       56%         2
 Mephitic Cloud           Conj/Pois/Air  0%         N/A       80%         3


Dungeon Overview and Level Annotations

Branches:
Dungeon (5/15)
 Temple: D:4-7

Altars:
Fedhas


Innate Abilities, Weirdness & Mutations

You regenerate magic rapidly.


Message History

The hobgoblin is heavily wounded.
The hobgoblin closely misses you.
You hit the hobgoblin.
You kill the hobgoblin!
You see here a hobgoblin corpse.
There is a stone staircase leading down here.
Found a large zirconium amulet.
Your extra speed is starting to run out.
d - an amulet of the acrobat You start putting on your amulet.
You continue putting on your amulet of the acrobat. x3
You feel yourself slow down.
You continue putting on your amulet of the acrobat. x2
You finish putting on your amulet of the acrobat.
You feel ready to tumble and roll out of harm's way.
d - an amulet of the acrobat (around neck)
Found a long sword.
Found a stone staircase leading down.
Found 14 gold pieces.
A jelly comes into view.
The jelly quivers.
Found 3 poisoned darts.
You hit the jelly. The acid corrodes you!
Your hands burn!
The jelly is moderately wounded.
The jelly hits you.
You are splashed with acid!
* * * LOW HITPOINT WARNING * * *
The jelly attacks as you move away! The jelly completely misses you.
The jelly attacks as you move away! The jelly completely misses you.
The jelly attacks as you move away! The jelly completely misses you.
The jelly attacks as you move away! The jelly barely misses you.
You are no longer corroded.
Unknown command.
You barely miss the jelly.
The jelly is lightly wounded.
The jelly misses you. The jelly barely misses you.
You hit the jelly.
Your hands burn!
The jelly is heavily wounded.
The jelly hits you.
* * * LOW HITPOINT WARNING * * *
You are splashed with acid!
You die...

#..#.....#..# #.# #g###.
#..........# #+# #.# #g....
#.....#...## #.# #)# #g.
##...###...## #.# #.# #..
#..#..#..#..# ##.###†######..
#.###...###.###...##.........
#..#.....#..##.....#........#
##....##...J###...##.########
##.........@....>...#
###.#####.##########
#.......# #########


You could see a jelly.

Vanquished Creatures
  An adder (D:4)
  A goblin (D:4)
  2 hobgoblins (D:4)
  A quokka (D:5)
5 creatures vanquished.

Notes
Turn   | Place    | Note
-------+----------+-------------------------------------------
     0 | D:5      | flotson the Demonspawn Delver began the quest for the Orb.
     0 | D:5      | Reached XP level 1. HP: 18/18 MP: 1/1
    37 | D:5      | Found a blossoming altar of Fedhas.
   159 | D:5      | Noticed a water moccasin
   200 | D:4      | Reached skill level 1 in Evocations
   200 | D:4      | Gained mutation: You regenerate magic rapidly. [demonic
                  | ancestry]
   200 | D:4      | Reached XP level 2. HP: 7/24 MP: 2/2
   367 | D:4      | Splashed by a jelly's acid

Illustrated notes

Levels and vault maps discovered:
D:4:      layout_loops_corners, bloody_trog, mainiacjoe_overflow_alcove_2,
          nzn_hepliaklqana_mist_gate, serial_bayou, serial_bayou_shore_b,
          serial_bayou_lake_a, serial_bayou_ford_a, serial_bayou_pond_e,
          serial_bayou_shore_b, nicolae_shop_dragon_depot,
          minmay_strange_pillars, uniq_robin
D:5:      layout_gridville, general_overflow_altar, mainiacjoe_overflow_24_doors

Skill      XL: |  1  2 |
---------------+-------+-----
Evocations     | 1 2 |  2.1
Fighting       | |  3.0
Axes           | |  1.7
Dodging        | |  1.7
Stealth        | |  4.5

Action                   || total
-------------------------++-------
Melee: Hand axe          ||    43
  Use: Scroll            ||     2
       Potion            ||     1
Armor: Leather armour    ||     7
Dodge: Dodged            ||    40

Table legend: (Time is in decaauts)
 A = Elapsed time spent in this place.
 B = Non-inter-level travel time spent in this place.
 C = Inter-level travel time spent in this place.
 D = Time resting spent in this place.
 E = Time spent auto-exploring this place.
 F = Levels seen in this place.
 G = Mean time per level.
                   A        B        C        D        E       F      G
               +--------+--------+--------+--------+--------+-----+--------+
         Total |    362 |    362 |      0 |      0 |    234 |   2 |  181.0 |
       Dungeon |    362 |    362 |      0 |      0 |    234 |   2 |  181.0 |
               +--------+--------+--------+--------+--------+-----+--------+

Top non-repeatable levels by time:
     D:4: 183 daAuts
     D:5: 178 daAuts
